 Dungeon Crawl Stone Soup version 0.30-a0-1043-g60ff8d5f49 (webtiles) character file.

Game seed: 16036323443272956943

527 OrthodoxDeviant the Trooper (level 7, -4/63 HPs)
             Began as a Ghoul Gladiator on Apr 10, 2023.
             Splashed by a jelly's acid (8 damage)
             ... on level 5 of the Dungeon.
             The game lasted 00:10:12 (4094 turns).

OrthodoxDeviant the Trooper (Ghoul Gladiator)       Turns: 4094, Time: 00:10:13

Health: -4/63      AC: -4    Str: 18    XL:     7   Next: 23%
Magic:  6/6        EV:  5    Int:  5    God:
Gold:   157        SH:  0    Dex: 12    Spells: 6/6 levels left

rFire   + + +      SeeInvis .    a - +0 war axe
rCold   + . .      Faith    .    (no shield)
rNeg    + + +      Spirit   .    q - +0 plate armour "Oxust" {Int+2}
rPois   ∞          Reflect  .    c - +0 helmet
rElec   .          Rampage  +    (no cloak)
rCorr   .                        t - +0 pair of gloves "Jufagyrph" {Rampage +Blink rPois rF++}
Will    .....                    (no boots) Stlth
                                 (no amulet)
HPRegen 0.00/turn                m - ring of protection from fire
MPRegen 0.10/turn                (no ring)

@: corroded, inhibited regen
A: claws 1, cold resistance 1, negative energy resistance 3, inhibited
regeneration, torment resistance 2, devour on kill
a: Evoke Blink


You were on level 5 of the Dungeon.
You visited 1 branch of the dungeon, and saw 5 of its levels.

You collected 157 gold pieces.

Inventory:

Hand Weapons
 a - a +0 war axe (weapon)
Missiles
 d - 2 throwing nets
 e - 6 javelins (quivered)
Armour
 c - a +0 helmet (worn)
 k - a +0 ring mail
 q - the +0 plate armour "Oxust" (worn) {Int+2}
   (You found it on level 3 of the Dungeon)

   Int:       It affects your intelligence (+2).
 t - the +0 pair of gloves "Jufagyrph" (worn) {Rampage +Blink rPois rF++}
   (You found it on level 4 of the Dungeon)

   rF:        It greatly protects you from fire.
   rPois:     It protects you from poison.
   +Blink:    It lets you blink.
   Rampage:   It bestows one free step when moving towards enemies.
Jewellery
 m - a ring of protection from fire (left hand)
 n - an amulet of the acrobat
 p - a ring of magical power
Wands
 l - a wand of polymorph (9)
Scrolls
 b - 2 scrolls of magic mapping
 g - a scroll of enchant armour {unknown}
 i - a scroll of enchant weapon
 j - a scroll of poison {unknown}
 o - a scroll of fear {unknown}
 r - a scroll of amnesia {unknown}
Potions
 f - a potion of haste
 h - 3 potions of curing


   Skills:
 + Level 6.1 Fighting
 + Level 5.5 Axes
 - Level 1.7 Throwing
 - Level 2.6 Dodging


You had 6 spell levels left.
You didn't know any spells.
Your spell library contained the following spells:

 Spells                   Type           Power      Damage    Failure   Level
 Ozocubu's Armour         Ice            0%         N/A       100%        3
 Ozocubu's Refrigeration  Ice            0%         4d7       100%        7


Dungeon Overview and Level Annotations

Branches:
Dungeon (5/15)
 Temple: D:4-7

Altars:

Shops:
D:4 :


Innate Abilities, Weirdness & Mutations

You are immune to poison.
You have sharp fingernails.
Your flesh is cold resistant. (rC+)
You are immune to negative energy. (rN+++)
You do not regenerate when monsters are visible.
You are immune to unholy pain and torment.
You thrive by killing the living.


Message History

The ufetubus hits you but does no damage. x2
You barely miss the ufetubus.
The ufetubus is severely wounded.
You hit the jelly but do no damage.
Your hands burn!
The ufetubus hits you but does no damage.
The ufetubus barely misses you. The jelly hits you but does no damage.
The ufetubus completely misses you.
The ufetubus hits you but does no damage.
You hit the ufetubus but do no damage.
The ufetubus is severely wounded.
You hit the jelly but do no damage.
Your hands burn!
The jelly hits you but does no damage. The ufetubus hits you. x2
The jelly hits you but does no damage.
Unknown command.
You closely miss the ufetubus.
The ufetubus is severely wounded.
You slash the jelly!
Your hands burn!
The ufetubus hits you but does no damage.
The ufetubus hits you.
The ufetubus hits you but does no damage. x2
The jelly hits you but does no damage.
You hit the jelly but do no damage. The acid corrodes you!
Your hands burn!
The jelly is almost dead.
You barely miss the ufetubus. The ufetubus barely misses you.
The ufetubus hits you. x2; The ufetubus closely misses you.
The jelly hits you but does no damage.
You hit the jelly but do no damage.
Your hands burn!
The jelly is almost dead.
You hit the ufetubus.
You kill the ufetubus!
The jelly hits you. The acid corrodes you!
You are splashed with acid!
* * * LOW HITPOINT WARNING * * *
You hit the jelly but do no damage.
Your hands burn!
* * * LOW HITPOINT WARNING * * *
You punch the jelly, but do no damage.
The jelly is almost dead.
The jelly hits you.
* * * LOW HITPOINT WARNING * * *
The acid corrodes you!
You are splashed with acid!
You die...

#.................#....... .
#.#..............##.......
..##.##.#..#.......##########
........$.###..(....#
............#.......#
....................#
#...=.....#.........#
............##......#
.#.....##..J@.......#
#.....#....#.<.....#
.......##...#.......#
....................#
###....#............#
#....#............#
..######..>.......#
..?........


You could see a jelly.

Vanquished Creatures
  2 ogres
  A scorpion (D:5)
  A howler monkey (D:4)
  An iguana (D:4)
  An orc wizard (D:3)
  Ijyb (D:3)
  Robin (D:2)
  6 adders
  An ufetubus (D:5)
  A worm (D:3)
  A dart slug (D:1)
  4 orcs
  5 bats
  7 endoplasms
  A giant cockroach (D:1)
  20 goblins
  10 hobgoblins
  11 jackals (D:1)
  3 quokkas
  9 ball pythons
  3 frilled lizards
  8 kobolds
  13 rats
111 creatures vanquished.

Notes
Turn   | Place    | Note
-------+----------+-------------------------------------------
     0 | D:1      | OrthodoxDeviant the Ghoul Gladiator began the quest for the
                  | Orb.
     0 | D:1      | Reached XP level 1. HP: 17/17 MP: 0/0
    42 | D:1      | Reached XP level 2. HP: 25/25 MP: 1/1
   198 | D:1      | Reached skill level 3 in Fighting
   261 | D:1      | Reached XP level 3. HP: 31/31 MP: 2/2
   950 | D:2      | Found a faded altar of an unknown god.
   957 | D:2      | Reached XP level 4. HP: 35/38 MP: 3/3
   999 | D:2      | Noticed Robin
  1013 | D:2      | Killed Robin
  1278 | D:2      | Noticed an ogre
  1289 | D:2      | Killed an ogre
  1290 | D:2      | Reached skill level 4 in Fighting
  1290 | D:2      | Reached XP level 5. HP: 15/47 MP: 4/4
  1703 | D:3      | Noticed Ijyb
  1785 | D:3      | Killed Ijyb
  1824 | D:3      | Reached XP level 6. HP: 40/55 MP: 5/5
  1963 | D:3      | Reached skill level 5 in Fighting
  2092 | D:3      | Identified the +0 plate armour "Oxust" {Int+2}
  2754 | D:4      | Found Zowniocw's Book Shop.
  2868 | D:4      | Identified the +0 pair of gloves "Jufagyrph" {Rampage
                  | +Blink rPois rF++}
  2870 | D:4      | Noticed a black bear
  2908 | D:4      | HP: 2/56 [orc/+0 flail (4)]
  3315 | D:4      | Reached skill level 5 in Axes
  3415 | D:4      | Reached XP level 7. HP: 33/62 MP: 6/6
  3967 | D:5      | Entered Level 5 of the Dungeon
  3980 | D:5      | Reached skill level 6 in Fighting
  4094 | D:5      | Splashed by a jelly's acid

Illustrated notes

Levels and vault maps discovered:
D:1:      spicycebolla_green_bress_n_ham, layout_loops_cross
D:2:      layout_basic, ebering_ecumenical_altar_sacrificial, uniq_robin
D:3:      layout_loops_cross, minivault_11, uniq_ijyb
D:4:      layout_basic, serial_shops, shop, kennysheep_crisscross
D:5:      layout_cave_pools, uniq_crazy_yiuf_cottage

Skill      XL: |  1  2  3  4  5  6  7 |
---------------+----------------------+-----
Axes           | 3 4 5 |  5.5
Fighting       | 3 4 5 6 |  6.1
Throwing       | |  1.7
Dodging        | |  2.6

Action                     |  1- 3 |  4- 6 |  7- 9 || total
---------------------------+-------+-------+-------++-------
  Melee: War axe           |   110 |   195 |    33 ||   338
         Punch             |     2 |     1 |     1 ||     4
  Throw: Throwing net      |       |     2 |       ||     2
         Javelin           |       |     4 |       ||     4
    Use: Potion            |       |     6 |       ||     6
         Scroll            |       |     4 |       ||     4
   Stab: Sleeping          |     1 |       |       ||     1
 Armour: Leather armour    |    42 |    16 |       ||    58
         Ring mail         |       |    86 |     1 ||    87
         Plate armour      |       |       |    35 ||    35
  Dodge: Dodged            |    93 |   164 |    16 ||   273

Table legend: (Time is in decaauts)
 A = Elapsed time spent in this place.
 B = Non-inter-level travel time spent in this place.
 C = Inter-level travel time spent in this place.
 D = Time resting spent in this place.
 E = Time spent auto-exploring this place.
 F = Levels seen in this place.
 G = Mean time per level.
                   A        B        C        D        E       F      G
               +--------+--------+--------+--------+--------+-----+--------+
         Total |   4197 |   3739 |    458 |    220 |   2664 |   5 |  839.4 |
       Dungeon |   4197 |   3739 |    458 |    220 |   2664 |   5 |  839.4 |
               +--------+--------+--------+--------+--------+-----+--------+

Top non-repeatable levels by time:
     D:3: 1156 daAuts
     D:4: 1144 daAuts
     D:2: 934 daAuts
     D:1: 890 daAuts
     D:5: 72 daAuts
